 Dungeon Crawl Stone Soup version 0.24.0-1-gfbc8707122 (webtiles) character file.

Game seed: 13696143904899023744, levelgen mode: deterministic

10529 Arum the Fighter (level 11, -1/87 (93) HPs)
             Began as a Formicid Fighter on Oct 27, 2019.
             Was a Priest of Ashenzari.
             Slain by a seven-headed hydra (3 damage)
             ... on level 10 of the Dungeon.
             The game lasted 00:19:10 (12225 turns).

Arum the Fighter (Formicid Fighter)                Turns: 12225, Time: 00:19:10

HP:   -1/87 (93)    AC: 10    Str: 24    XL:     11   Next: 94%
MP:   8/11          EV: 10    Int:  8    God:    Ashenzari [***...]
Gold: 773           SH: 12    Dex: 10    Spells: 10/10 levels left

rFire    + + .     SeeInvis +   b - +2 scimitar (flame) (curse)
rCold    . . .     Gourm    .   c - +0 shield (curse)
rNeg     + . .     Faith    .   z - +0 scale mail (curse)
rPois    .         Spirit   .   (helmet unavailable)
rElec    .         Reflect  .   r - +0 cloak
rCorr    .         Harm     .   (no gloves)
MR       +....                  (no boots)
Stlth    ..........             (no amulet)
HPRegen  0.24/turn              s - ring of protection from fire
MPRegen  0.12/turn              w - ring of positive energy

@: no status effects
A: permanent stasis, dig shafts and tunnels, four strong arms, antennae 3, fire
resistance 1, MP-powered wands
a: Dig, Shaft Self, Curse Item, Scrying, Renounce Religion


You were on level 10 of the Dungeon.
You worshipped Ashenzari.
Ashenzari was most pleased with you.
You were near starving.

You visited 2 branches of the dungeon, and saw 12 of its levels.

You collected 773 gold pieces.

Inventory:

Hand Weapons
 a - a +0 long sword
 b - a cursed +2 scimitar of flaming (weapon)
Armour
 c - a cursed +0 shield (worn)
 r - a +0 cloak (worn)
 y - a +2 robe of magic resistance
 z - a cursed +0 scale mail (worn)
Magical Staves
 J - an uncursed staff of energy
Jewellery
 s - a ring of protection from fire (left hand)
 u - an uncursed ring of wizardry
 w - a ring of positive energy (right hand)
 F - an uncursed ring of fire
Wands
 o - a wand of acid (5)
 B - a wand of digging (6)
 G - a wand of polymorph (8)
 I - a wand of iceblast (6)
 K - a wand of random effects (23)
Scrolls
 e - a scroll of blinking {unknown}
 h - a scroll of immolation {unknown}
 i - 5 scrolls of magic mapping {unknown}
 j - 2 scrolls of enchant armour {unknown}
 k - 3 scrolls of fog {unknown}
 l - 5 scrolls of remove curse
 m - 5 scrolls of teleportation {unknown}
 n - 10 scrolls of identify {unknown}
 t - 3 scrolls of fear {unknown}
 A - a scroll of vulnerability {unknown}
 D - a scroll of amnesia {unknown}
 L - a scroll of enchant weapon {unknown}
Potions
 d - 2 potions of might
 g - a potion of invisibility {unknown}
 p - 3 potions of haste
 q - a potion of agility {unknown}
 v - a potion of resistance {unknown}
 x - 2 potions of curing {unknown}
 C - a potion of flight {unknown}
 E - 2 potions of heal wounds {unknown}
 H - a potion of mutation
Comestibles
 f - 18 rations


   Skills:
 + Level 11.4 Fighting
 + Level 10.2(12.9) Long Blades
 + Level 10.2 Armour
 - Level 9.0(10.8) Shields


You had 10 spell levels left.
You didn't know any spells.
Your spell library contained the following spells:

 Spells                   Type           Power        Failure   Level  Hunger
 Animate Skeleton         Necr           N/A          65%         1    ##.....
 Apportation              Tloc           #.....       65%         1    ##.....
 Beastly Appendage        Tmut           #.....       65%         1    ##.....
 Confusing Touch          Hex            #.....       65%         1    ##.....
 Summon Small Mammal      Summ           #...         65%         1    ##.....
 Sticks to Snakes         Tmut           #.......     80%         2    ###....
 Spider Form              Tmut/Pois      #.........   95%         3    ####...
 Ice Form                 Ice/Tmut       #.......     100%        4    #####..
 Blade Hands              Tmut           #.........   100%        5    ######.


Dungeon Overview and Level Annotations

Branches:
Dungeon (11/15)            Temple (1/1) D:7            Lair (0/6) D:10
    Orc (0/2) D:9

Altars:
Ashenzari
Cheibriados
Dithmenos
Elyvilon
Fedhas
Gozag
Hepliaklqana
Kikubaaqudgha
Makhleb
Nemelex Xobeh
Okawaru
Qazlal
Ru
Sif Muna
Trog
Uskayaw
Vehumet
Wu Jian
Xom
Yredelemnul
Zin
The Shining One

Portals:
Trove: D:10 (give +3 fire dragon scales)

Annotations:
D:11 1 transporter, zkyp's ghost, journeyman HOFi


Innate Abilities, Weirdness & Mutations

You cannot be hasted, slowed, berserked, paralysed or teleported.
You can dig through walls and to a lower floor.
Your four strong arms can wield two-handed weapons with a shield.
You have a pair of large antennae on your head. (SInv)
Your flesh is heat resistant. (rF+)
You expend magic power (3 MP) to strengthen your wands.


Message History

Unknown command.
Unknown command.
Unknown command.
Unknown command.
Unknown command.
Unknown command.
You are near starving!
Evoke which item? (* to show all) (? for menu, Esc to quit)
Aiming: Polymorph
Press: ? - help, Shift-Dir - straight line, f - seven-headed hydra
Aim: a seven-headed hydra (chance to defeat MR: 18%)
You feel a surge of power!
The seven-headed hydra resists with almost no effort.
You block the seven-headed hydra's attack.
The seven-headed hydra closely misses you.
The seven-headed hydra bites you but does no damage.
The seven-headed hydra bites you!
* * * LOW HITPOINT WARNING * * *
The seven-headed hydra bites you.
You die...

###.##..#.................P.P..PP
######..#.................P...PP.
.....#..#.>.................PP..P
.....#..#..................PPPPP.
.....#..#.....###'#######...P.P.P
.....#..#.....#...# #......PP
.....#..#.....'...# #.......P
#########.....###########........
##.............D@...............P
.#...............................
.'...............................
.#...............................
##...............................
......########'########'#########
......#......#......'.........+..
......#......#......#.........#..
......###...####'###########.##..


You could see a seven-headed hydra.

Vanquished Creatures
  Erica (D:8)
  A two-headed ogre (D:9)
  A deep elf mage (D:10)
  Joseph (D:7)
  A merfolk (D:10)
  A hornet (D:8)
  A hippogriff (D:8)
  11 yaks (D:10)
  2 wyverns (D:9)
  A hungry ghost (D:7)
  2 porcupines (D:10)
  A hornet zombie (D:10)
  4 sky beasts
  8 black bears
  2 orc warriors
  2 ice beasts
  3 phantoms
  3 necrophages
  An eye of draining (D:9)
  3 ogres
  A crocodile (D:9)
  A big kobold (D:11)
  11 bullfrogs
  A gnoll sergeant (D:7)
  6 scorpions
  4 wights (D:9)
  3 howler monkeys (D:7)
  3 crimson imps
  A bullfrog zombie (D:11)
  A hound (D:7)
  4 quasits
  2 centaur skeletons
  2 bullfrog skeletons
  An iron imp (D:5)
  2 jellies
  3 orc priests
  14 orc wizards
  4 worker ants
  4 iguanas
  2 hound zombies
  12 gnolls
  15 adders
  5 shadow imps
  An ooze (D:5)
  An adder skeleton (D:7)
  An adder zombie (D:6)
  2 worms
  7 leopard geckos
  27 orcs
  A ball python (D:1)
  5 bats
  5 giant cockroaches
  7 goblins
  7 hobgoblins
  17 jackals
  A quokka (D:7)
  4 frilled lizards
  14 kobolds
  5 rats
  2 fungi (D:10)
259 creatures vanquished.

Vanquished Creatures (others)
  9 fungi (D:10)
  A plant (D:10)
10 creatures vanquished.

Grand Total: 269 creatures vanquished

Notes
Turn   | Place    | Note
-------+----------+-------------------------------------------
     0 | D:1      | Arum the Formicid Fighter began the quest for the Orb.
     0 | D:1      | Reached XP level 1. HP: 18/18 MP: 1/1
   125 | D:1      | Reached XP level 2. HP: 15/24 MP: 2/2
   443 | D:1      | Reached XP level 3. HP: 26/29 MP: 3/3
   959 | D:2      | Found a white marble altar of Elyvilon.
   959 | D:2      | Found a shadowy altar of Dithmenos.
   960 | D:2      | Found an ornate altar of the Wu Jian Council.
   997 | D:2      | Reached XP level 4. HP: 16/37 MP: 4/4
  1007 | D:2      | Reached skill level 4 in Fighting
  1007 | D:2      | Reached skill level 5 in Shields
  1277 | D:2      | Found a blossoming altar of Fedhas.
  1564 | D:2      | Reached XP level 5. HP: 42/42 MP: 5/5
  1952 | D:3      | Found a shattered altar of Ashenzari.
  1960 | D:3      | Became a worshipper of Ashenzari the Shackled
  2071 | D:3      | Reached XP level 6. HP: 49/49 MP: 6/6
  2422 | D:4      | Noticed a phantom
  2463 | D:4      | Killed a phantom
  3108 | D:5      | Entered Level 5 of the Dungeon
  3191 | D:5      | Reached XP level 7. HP: 45/55 MP: 7/7
  3275 | D:5      | Reached * piety under Ashenzari
  3297 | D:5      | Reached skill level 5 in Fighting
  3876 | D:5      | Found a snail-covered altar of Cheibriados.
  4017 | D:5      | Reached XP level 8. HP: 28/64 MP: 8/8
  4211 | D:5      | Gained mutation: You expend magic power (3 MP) to
                  | strengthen your wands. [potion of mutation]
  4211 | D:5      | Gained mutation: Your flesh is heat resistant. (rF+)
                  | [potion of mutation]
  4525 | D:5      | Reached skill level 6 in Fighting
  4670 | D:6      | Reached skill level 5 in Long Blades
  4777 | D:6      | Reached skill level 5 in Armour
  5148 | D:6      | Found an ancient bone altar of Kikubaaqudgha.
  5312 | D:6      | Found a glowing silver altar of Zin.
  5371 | D:6      | Reached skill level 7 in Fighting
  5371 | D:6      | Reached XP level 9. HP: 51/69 MP: 9/9
  5783 | D:7      | Found a staircase to the Ecumenical Temple.
  5855 | Temple   | Entered the Ecumenical Temple
  6587 | D:7      | Noticed Joseph
  6616 | D:7      | Killed Joseph
  6616 | D:7      | Reached skill level 8 in Fighting
  6944 | D:7      | Reached XP level 10. HP: 77/78 MP: 10/10
  7714 | D:8      | Reached ** piety under Ashenzari
  7767 | D:8      | Noticed Erica
  7789 | D:8      | Killed Erica
  7789 | D:8      | Reached skill level 9 in Fighting
  8108 | D:8      | Found an opulent altar of Gozag.
  8662 | D:8      | Found an iron altar of Okawaru.
  8904 | D:9      | Found a staircase to the Orcish Mines.
  9359 | D:9      | Reached skill level 10 in Fighting
  9359 | D:9      | Reached XP level 11. HP: 85/85 MP: 11/11
  9502 | D:9      | Noticed a two-headed ogre
  9514 | D:9      | Killed a two-headed ogre
  9990 | D:9      | Found a bloodstained altar of Trog.
 10017 | D:9      | Reached *** piety under Ashenzari
 10018 | D:9      | Found a glowing golden altar of the Shining One.
 10043 | D:10     | Entered Level 10 of the Dungeon
 10264 | D:10     | Found a staircase to the Lair.
 10571 | D:10     | Reached skill level 11 in Fighting
 10900 | D:10     | Noticed a deep elf mage
 10906 | D:10     | Reached skill level 10 in Long Blades
 10917 | D:10     | Killed a deep elf mage
 10917 | D:10     | Reached skill level 10 in Armour
 11541 | D:10     | Found a portal to a secret trove of treasure.
 11855 | D:11     | Noticed a deep troll earth mage
 11859 | D:11     | Found a transporter.
 11893 | D:11     | Noticed zkyp's ghost (journeyman HOFi)
 12072 | D:11     | Noticed a seven-headed hydra
 12074 | D:11     | Noticed a centaur warrior
 12083 | D:11     | Noticed an unseen horror
 12225 | D:10     | HP: 2/87 [seven-headed hydra (8)]
 12225 | D:10     | Slain by a seven-headed hydra

Levels and vault maps discovered:
D:1:      dpeg_arrival_circle_labyrinth_a, layout_basic, minmay_tetromino_t4
D:2:      layout_basic, nicolae_overflow_quartered_altars,
          minmay_misc_feat_square
D:3:      layout_rooms, old_standard_altar
D:4:      layout_loops_ring, first_ration
D:5:      layout_loops_cross, slow_altar_2
D:6:      layout_rooms, kiku_gazebo_pond_becter, zin_academy
D:7:      layout_cave_pods, minmay_temple_entry_grid, uniq_joseph
D:8:      layout_loops_ring, grunt_gozag_breadcrumbs, okawaru_trees_2,
          uniq_erica
D:9:      layout_gridville, nicolae_tso_swordbearing_angel, bloody_trog,
          orc_0_dummy
D:10:     layout_gridville, due_lair_maze_entry_diamond, enter_trove_6,
          hangedman_stone_soup
D:11:     layout_long_grid, gammafunk_ghost_arena, minmay_checkerbox
Temple:   cyrus_temple_forest

Skill      XL: |  1  2  3  4  5  6  7  8  9 10 11 |
---------------+----------------------------------+-----
Shields        | 4 5 6 7 9 |  9.0
Fighting       | 4 5 7 8 10 11 | 11.4
Long Blades    | 3 4 5 7 8 10 | 10.2
Armour         | 5 6 8 10 | 10.2

Action                   |  1- 3 |  4- 6 |  7- 9 | 10-12 || total
-------------------------+-------+-------+-------+-------++-------
Melee: Long sword        |    93 |   167 |   452 |    71 ||   783
       Scimitar          |       |       |       |   358 ||   358
Throw: Throwing net      |       |       |     1 |       ||     1
Invok: Curse Item        |       |       |     1 |     1 ||     2
 Abil: Dig               |     4 |     2 |     5 |     2 ||    13
Evoke: Wand              |       |       |       |     2 ||     2
  Use: Potion            |       |       |     3 |     1 ||     4
  Eat: Chunk             |       |     8 |    11 |    17 ||    36
       Ration            |       |       |     2 |       ||     2
Armor: Scale mail        |    31 |    62 |   181 |   114 ||   388
       Skin              |       |       |     2 |       ||     2
Dodge: Dodged            |    29 |    40 |   160 |   132 ||   361
Block: Shield            |    54 |    83 |   132 |   222 ||   491
       Buckler           |       |       |    60 |       ||    60
       Rpst.: Long sword |     6 |    17 |    45 |     2 ||    70
       Scimitar          |       |       |       |    45 ||    45
